 Dungeon Crawl Stone Soup version 0.19-a0-1886-gd64a0f0 (webtiles) character file.

2488 esc the Stinger (level 9, 0/66 HPs)
             Began as a Mummy Venom Mage on Oct 15, 2016.
             Was a Priest of Makhleb.
             Slain by a leopard gecko (5 damage)
             ... on level 7 of the Dungeon.
             The game lasted 00:24:53 (10494 turns).

esc the Stinger (Mummy Venom Mage)                 Turns: 10494, Time: 00:24:54

Health: 0/66       AC:  4    Str: 12    XL:     9   Next: 27%
Magic:  2/16       EV: 13    Int: 17    God:    Makhleb [***...]
Gold:   433        SH:  0    Dex: 11    Spells: 3 memorised, 9 levels left

rFire  . . .     SeeInvis .     u - +0 spear "Sarcophage" {pierce, +Fly rF+ rC++ Dex-3}
rCold  + + +     Gourm    .     a - +0 robe
rNeg   + + +     Faith    .     (no shield)
rPois  ∞         Spirit   .     (no helmet)
rElec  .         Dismiss  .     d - +1 cloak
rCorr  .         Reflect  .     (no gloves)
MR     +....     Harm     .     (no boots)
Stlth  +++.......               (no amulet)
                                n - ring of wizardry {Wiz+, !d}
                                k - +2 ring of dexterity

@: no status effects
A: no food or potions, fire vulnerability, cold resistance 1, negative energy
resistance 3, torment resistance, unbreathing
a: Minor Destruction, Lesser Servant of Makhleb, Renounce Religion, Evoke Flight


You were on level 7 of the Dungeon.
You worshipped Makhleb.
Makhleb was most pleased with you.
You were not hungry.

You visited 1 branch of the dungeon, and saw 7 of its levels.

You collected 433 gold pieces.

Inventory:

Hand Weapons
 i - a +2 whip of venom
   (You took it off a kobold on level 2 of the Dungeon)
 o - a +0 blowgun
   (You took it off a kobold on level 3 of the Dungeon)
 u - the +0 spear "Sarcophage" (weapon) {pierce, +Fly rF+ rC++ Dex-3}
   (You found it on level 7 of the Dungeon)

   It inflicts extra damage upon your enemies.
   It affects your dexterity (-3).
   It protects you from fire.
   It greatly protects you from cold.
   It lets you fly.
Missiles
 e - 29 poisoned needles
 r - 6 curare-tipped needles
Armour
 a - a +0 robe (worn)
 d - a +1 cloak (worn)
   (You found it on level 1 of the Dungeon)
 l - a +0 helmet
   (You took it off Robin on level 3 of the Dungeon)
Jewellery
 k - a +2 ring of dexterity (left hand)
   (You took it off a goblin on level 3 of the Dungeon)
 n - a ring of wizardry (right hand) {Wiz+, !d}
   (You took it off a hobgoblin on level 3 of the Dungeon)
Wands
 j - a wand of teleportation (3/9)
   (You took it off a goblin on level 3 of the Dungeon)
 m - a wand of polymorph (14/24)
   (You took it off Robin on level 3 of the Dungeon)
 s - a wand of polymorph (6/24)
   (You found it on level 6 of the Dungeon)
 t - a wand of flame (13/48)
   (You took it off Natasha on level 6 of the Dungeon)
Scrolls
 c - 4 scrolls of remove curse
 f - 6 scrolls of identify
 g - a scroll of recharging
 p - 2 scrolls of enchant armour
 q - a scroll of blinking {!r}
Books
 b - a Young Poisoner's Handbook


   Skills:
 + Level 4.6 Fighting
 + Level 4.2 Dodging
 + Level 4.5 Stealth
 + Level 4.7 Spellcasting
 + Level 3.6 Conjurations
 + Level 5.1 Poison Magic
 + Level 3.9 Invocations


You had 9 spell levels left.
You knew the following spells:

 Your Spells              Type           Power        Failure   Level  Hunger
a - Sting                 Conj/Pois      ###.         1%          1    N/A
b - Olgreb's Toxic Radia  Pois           ###.....     9%          4    N/A
x - Mephitic Cloud        Conj/Pois/Air  ##......     6%          3    N/A

Dungeon Overview and Level Annotations

Branches:
Dungeon (7/15)             Temple (0/1) D:6

Altars:
Makhleb
Ru
The Shining One

Shops:
D:5 !

Annotations:
D:5 exclusion: Dowan, Blork the orc; Dowan; Tux's ghost, novice DEFE


Innate Abilities, Weirdness & Mutations

You do not eat or drink.
Your flesh is vulnerable to fire.
You are immune to poison.
Your flesh is cold resistant. (rC+)
You are immune to negative energy. (rN+++)
You are immune to unholy pain and torment.
You can survive without breathing.


Message History

You catch the helpless yak completely off-guard!
You hit the yak.
Attack whom?
Aim: a yak (almost dead, confused)
You reach to attack!
You hit the yak but do no damage. You hit the yak but do no damage.
The yak seems less confused.
The yak gores you!
You take 9 damage, and have 45/66 hp.
You don't have enough magic to cast that spell.
Aim: a yak (almost dead)
The ball explodes into a vile cloud!
The stinking cloud engulfs the yak.
The stinking cloud engulfs the human.
The stinking cloud engulfs you!
The yak is engulfed in noxious fumes.
The yak appears confused.
The human is engulfed in noxious fumes.
The human appears confused.
You now have 0/15 mp.
You hit the yak.
The yak is engulfed in noxious fumes.
Attack whom?
Aim: a yak (noxious fumes, almost dead, confused)
You reach to attack!
You hit the yak.
You kill the yak!
Makhleb accepts your kill.
You feel better.
You regained 14 hp, and now have 60/66 hp.
Attack whom?
Aim: a human, wielding a hand axe and wearing an animal skin (lightly wounded, confused)
You reach to attack!
You hit the human but do no damage.
Attack whom?
Aim: a human, wielding a hand axe and wearing an animal skin (lightly wounded, confused)
You reach to attack!
You barely miss the human.
Attack whom?
Aim: a human, wielding a hand axe and wearing an animal skin (lightly wounded, confused)
You reach to attack!
You hit the human but do no damage.
Attack whom?
Aim: a human, wielding a hand axe and wearing an animal skin (lightly wounded, confused)
You reach to attack!
You catch the helpless human completely off-guard!
You hit the human.
The human seems less confused.
Aim: a human, wielding a hand axe and wearing an animal skin (lightly wounded)
The sting hits the human.
The human is poisoned.
You now have 0/16 mp.
The human hits you with a hand axe.
You take 1 damage, and have 60/66 hp.
Aim: a human, wielding a hand axe and wearing an animal skin (heavily wounded, poisoned)
The sting hits the human.
The human looks even sicker.
The human hits you with a hand axe.
You take 6 damage, and have 55/66 hp.
You now have 0/16 mp.
Your magical contamination has completely faded away.
You hit the human. The human hits you with a hand axe!
You take 8 damage, and have 47/66 hp.
You hit the human but do no damage. The human hits you but does no damage.
You barely miss the human. The human hits you but does no damage.
You barely miss the human. The human barely misses you.
A worker ant comes into view.
Aim: a human, wielding a hand axe and wearing an animal skin (severely wounded, poisoned)
The sting misses the human.
The human closely misses you.
You now have 0/16 mp.
You closely miss the human. The human hits you with a hand axe!
You take 10 damage, and have 38/66 hp.
You hit the human but do no damage. The human misses you.
You closely miss the human.
The human looks more healthy.
The human hits you with a hand axe.
You take 3 damage, and have 35/66 hp.
You hit the human. The human closely misses you.
You closely miss the human. The worker ant closely misses you.
The human hits you with a hand axe! The worker ant bites you.
You take 11 damage, and have 25/66 hp.
Unknown command.
Aim: a human, wielding a hand axe and wearing an animal skin (almost dead)
The sting misses the human.
The human completely misses you. The worker ant bites you.
You take 4 damage, and have 21/66 hp.
You now have 0/16 mp.
You hit the human but do no damage. The worker ant barely misses you.
The human hits you with a hand axe!
* * * LOW HITPOINT WARNING * * *
You take 9 damage, and have 12/66 hp.
You hit the human. The worker ant bites you.
* * * LOW HITPOINT WARNING * * *
The human closely misses you.
You take 3 damage, and have 9/66 hp.
You hit the human.
You kill the human!
Makhleb accepts your kill.
The worker ant bites you but does no damage.
The worker ant misses you.
Things that are here:
a hand axe; an animal skin The worker ant barely misses you.
The worker ant barely misses you. The worker ant closely misses you.
You open the door.
A leopard gecko comes into view.
The worker ant bites you.
* * * LOW HITPOINT WARNING * * *
You take 3 damage, and have 9/66 hp.
The worker ant bites you.
* * * LOW HITPOINT WARNING * * *
There is an open door here.
You take 5 damage, and have 4/66 hp.
The leopard gecko bites you.
You die...

#......†####
#...........
#######........#
#..#%%#........#
#..#.%##>.......
####..').##.###...#
#..#..#..##.# #####
####.l#..#..##.#
#....@#####'##.#
#.####a# #.÷.#.#
#.####..#.#
#.......#)# #
#######.##.#######
#..........#..)..#
+.#####.####.###.#
#.# #.#<#.# #.#
#.#.#.#


You could see a worker ant and a leopard gecko.

Vanquished Creatures
  Sigmund (D:5)
  A human (D:7)
  2 hogs (D:7)
  2 yaks (D:7)
  Edmund (D:5)
  An ice beast (D:5)
  Purgy (D:4)
  2 ogres (D:4)
  3 big kobolds (D:3)
  2 bullfrogs (D:6)
  A scorpion (D:7)
  2 howler monkeys (D:6)
  A jelly (D:6)
  4 hounds
  An orc priest (D:6)
  A bullfrog skeleton (D:6)
  A centaur skeleton (D:5)
  2 iguanas (D:6)
  Natasha (thrice) (D:3 D:6)
  2 orc wizards
  3 worker ants
  A hound skeleton (D:4)
  Robin (D:3)
  6 gnolls (D:3)
  5 adders
  2 shadow imps
  An ooze (D:1)
  An adder skeleton (D:4)
  2 worms
  3 dart slugs
  5 leopard geckos
  9 orcs
  A ball python (D:1)
  3 bats
  6 giant cockroaches
  43 goblins
  25 hobgoblins
  8 jackals
  9 kobolds
  A quokka (D:5)
  A frilled lizard (D:2)
  A giant cockroach zombie (D:5)
  A jackal zombie (D:7)
  A quokka skeleton (D:4)
  4 rats
177 creatures vanquished.

Notes
Turn   | Place    | Note
-------+----------+-------------------------------------------
     0 | D:1      | esc the Mummy Venom Mage began the quest for the Orb.
     0 | D:1      | Reached XP level 1. HP: 13/13 MP: 3/3
   281 | D:1      | Reached XP level 2. HP: 20/20 MP: 3/5
  1144 | D:2      | Reached XP level 3. HP: 25/25 MP: 4/6
  1465 | D:2      | Reached skill level 1 in Fighting
  1516 | D:2      | Reached skill level 2 in Stealth
  1664 | D:2      | Found a burning altar of Makhleb.
  1666 | D:2      | Noticed a cacodemon
  1670 | D:2      | Noticed a ynoxinul
  1670 | D:2      | Noticed an orange demon
  1847 | D:2      | Became a worshipper of Makhleb the Destroyer
  1995 | D:2      | You fall through a shaft for 2 floors!
  2055 | D:4      | Learned a level 3 spell: Mephitic Cloud
  2074 | D:4      | Noticed Purgy
  2172 | D:2      | Reached skill level 1 in Conjurations
  2202 | D:2      | Reached XP level 4. HP: 27/32 MP: 3/7
  2516 | D:3      | Noticed Natasha
  2522 | D:3      | HP: 7/32 [Natasha/wand of flame (6)]
  2523 | D:3      | HP: 2/32 [Natasha/magic dart (5)]
  2861 | D:3      | Found a sacrificial altar of Ru.
  2987 | D:3      | HP: 4/32 [Natasha/wand of flame (6)]
  3290 | D:3      | Killed Natasha
  3290 | D:3      | Reached skill level 2 in Dodging
  3578 | D:3      | Noticed Robin
  3801 | D:3      | Reached * piety under Makhleb
  3822 | D:3      | Reached XP level 5. HP: 16/37 MP: 1/8
  4693 | D:3      | Reached ** piety under Makhleb
  4693 | D:3      | Reached skill level 1 in Invocations
  4750 | D:3      | Reached skill level 2 in Fighting
  4793 | D:3      | Reached skill level 3 in Spellcasting
  4793 | D:3      | Reached XP level 6. HP: 44/44 MP: 4/10
  4957 | D:3      | Killed Robin
  5094 | D:3      | Reached skill level 3 in Stealth
  5102 | D:3      | Reached skill level 2 in Conjurations
  5102 | D:3      | Reached skill level 4 in Poison Magic
  5333 | D:3      | Reached XP level 7. HP: 47/51 MP: 11/11
  5586 | D:4      | Killed Purgy
  5888 | D:4      | Reached skill level 3 in Fighting
  5896 | D:4      | Reached skill level 3 in Dodging
  5896 | D:4      | Reached skill level 2 in Invocations
  6867 | D:5      | Entered Level 5 of the Dungeon
  6867 | D:5      | Noticed Sigmund
  6887 | D:5      | Noticed Edmund
  6908 | D:5      | Killed Edmund
  7029 | D:5      | Reached XP level 8. HP: 38/58 MP: 13/13
  7159 | D:5      | Noticed Tux's ghost (novice DEFE)
  7167 | D:5      | Found Qoeru's Distillery.
  7172 | D:5      | Noticed Blork the orc
  7493 | D:5      | Killed Sigmund
  7493 | D:5      | Reached skill level 4 in Spellcasting
  7700 | D:5      | Found a glowing golden altar of the Shining One.
  7801 | D:5      | Noticed Dowan
  7856 | D:6      | Found a staircase to the Ecumenical Temple.
  7870 | D:6      | Reached skill level 3 in Conjurations
  8489 | D:6      | HP: 14/60 [iguana (12)]
  8498 | D:6      | Noticed Natasha
  8501 | D:6      | Killed Natasha
  8501 | D:6      | Reached skill level 3 in Invocations
  8727 | D:6      | Reached skill level 4 in Fighting
  8729 | D:6      | Noticed Natasha
  8736 | D:6      | Killed Natasha
  9053 | D:6      | Reached skill level 4 in Stealth
  9229 | D:6      | Reached *** piety under Makhleb
  9466 | D:6      | Learned a level 4 spell: Olgreb's Toxic Radiance
  9726 | D:7      | Got a crystal spear
  9727 | D:7      | Identified the +0 spear "Sarcophage" {pierce, +Fly rF+ rC++ Dex-3} (You found it on level 7 of the Dungeon)
 10148 | D:7      | Reached skill level 4 in Dodging
 10148 | D:7      | Reached skill level 5 in Poison Magic
 10148 | D:7      | Reached XP level 9. HP: 51/65 MP: 1/15
 10478 | D:7      | HP: 12/66 [human/hand axe (9)]
 10492 | D:7      | HP: 9/66 [worker ant (3)]
 10493 | D:7      | HP: 4/66 [worker ant (5)]
 10494 | D:7      | Slain by a leopard gecko

Vault maps used:
D:1:      dpeg_arrival_brainrot
D:2:      makhleb_altar_promises_db
D:3:      minmay_goblin_kobold_castle, nicolae_ru_path_of_blood, uniq_robin,
          uniq_natasha
D:4:      cheibrodos_quashed, first_bread, uniq_purgy
D:5:      marbit_many_paths, serial_shops, shop, uniq_duvessa, uniq_sigmund,
          uniq_blork_the_orc, uniq_edmund
D:6:      hangedman_decor_opposing, kennysheep_generic_room_13
D:7:      grunt_livestock, kennysheep_generic_room_14, uniq_crazy_yiuf_cottage

Skill      XL: |  1  2  3  4  5  6  7  8 |
---------------+-------------------------+-----
Fighting       | 1 2 3 4 |  4.6
Stealth        | 2 3 4 |  4.5
Conjurations   | 1 2 3 |  3.6
Dodging        | 2 3 4 |  4.2
Invocations    | 1 2 3 |  3.9
Spellcasting   | 3 4 |  4.7
Poison Magic   | 4 5 |  5.1

Action                   |  1- 3 |  4- 6 |  7- 9 || total
-------------------------+-------+-------+-------++-------
Melee: Club              |    11 |       |       ||    11
       Spear             |    24 |       |    69 ||    93
       Whip              |    13 |   164 |   170 ||   347
 Fire: Blowgun           |       |       |     1 ||     1
 Cast: Sting             |    66 |   120 |    90 ||   276
       Mephitic Cloud    |       |     3 |    28 ||    31
  Use: Scroll            |     3 |     5 |     2 ||    10
 Stab: Sleeping          |     2 |     1 |     2 ||     5
       Confused          |       |     3 |    13 ||    16
       Distracted        |       |       |     1 ||     1
Armor: Robe              |    16 |    25 |    53 ||    94
Dodge: Dodged            |    39 |   105 |   152 ||   296

Vault maps used:
D:1:      dpeg_arrival_brainrot
D:2:      makhleb_altar_promises_db
D:3:      minmay_goblin_kobold_castle, nicolae_ru_path_of_blood, uniq_robin,
          uniq_natasha
D:4:      cheibrodos_quashed, first_bread, uniq_purgy
D:5:      marbit_many_paths, serial_shops, shop, uniq_duvessa, uniq_sigmund,
          uniq_blork_the_orc, uniq_edmund
D:6:      hangedman_decor_opposing, kennysheep_generic_room_13
D:7:      grunt_livestock, kennysheep_generic_room_14, uniq_crazy_yiuf_cottage

Table legend:
 A = Turns spent in this place as a percentage of turns spent in the entire game.
 B = Non-inter-level travel turns spent in this place as a percentage of non-inter-level travel turns spent in the entire game.
 C = Inter-level travel turns spent in this place as a percentage of turns spent in this place.
 D = Turns resting spent in this place as a percentage of non-inter-level travel turns spent in this place.
 E = Turns spent auto-exploring this place as a percentage of non-inter-level travel turns spent in this place.
 F = Non-inter-level travel turns spent in this place divided by the number of levels of this place that you've seen.
                   A       B       C       D       E      F
               +-------+-------+-------+-------+-------+----------------------
         Total | 100.0 | 100.0 |   0.7 |   6.1 |   7.7 | 292.9
       Dungeon | 100.0 | 100.0 |   0.7 |   6.1 |   7.7 | 292.9
               +-------+-------+-------+-------+-------+----------------------

Table legend:
 A = Kills in this place as a percentage of kills in entire the game.
 B = Kills by you in this place as a percentage of kills by you in the entire game.
 C = Kills by friends in this place as a percentage of kills by friends in the entire game.
 D = Other kills in this place as a percentage of other kills in the entire game.
 E = Experience gained in this place as a percentage of experience gained in the entire game.
 F = Experience gained in this place divided by the number of levels of this place that you have seen.
                   A       B       C       D       E      F
               +-------+-------+-------+-------+-------+----------------------
         Total | 100.0 | 100.0 |  -nan | 100.0 | 100.0 | 507.9
       Dungeon | 100.0 | 100.0 |  -nan | 100.0 | 100.0 | 507.9
               +-------+-------+-------+-------+-------+----------------------
